 Dungeon Crawl Stone Soup version 0.32-a0-961-gd60f5e5fc7 (webtiles) character file.

Game seed: 8183230256253218211

3652 KennySheep the Thaumaturge (level 9, 0/52 HPs)
             Began as a Deep Elf Wanderer on Apr 17, 2024.
             Was an Elder of Yredelemnul.
             Killed by the air
             ... invoked by Gastronok
              (17 damage)
             ... on level 8 of the Dungeon on Apr 18, 2024.
             The game lasted 00:39:07 (7374 turns).

KennySheep the Thaumaturge (Deep Elf Wanderer)      Turns: 7374, Time: 00:39:07

Health: 0/52       AC:  6    Str: 12    XL:     9   Next: 88%
Magic:  24/25      EV: 13    Int: 21    God:    Yredelemnul [****..]
Gold:   220        SH:  4    Dex: 15    Spells: 20/28 levels left

rFire   . . .        a - +9 dagger "Yqoi" {heavy, rElec Str+3}
rCold   . . .        z - +0 buckler
rNeg    . . .        c - +0 robe
rPois   .            (no helmet)
rElec   +            m - +2 cloak
rCorr   .            d - +0 pair of gloves
SInv    .            (no boots)
Will    .....        k - amulet of faith
Stlth   ++++++       (no ring)
HPRegen 0.28/turn    (no ring)
MPRegen 0.19/turn

%: faith
@: lethally poisoned (0 -> -12), about to teleport, wreathed by umbra
A: wild magic 1
a: Renounce Religion, Light the Black Torch, Recall Undead Harvest, Hurl
Torchlight, Bind Soul


You were on level 8 of the Dungeon.
You worshipped Yredelemnul.
Yredelemnul was noncommittal.
You visited 1 branch of the dungeon, and saw 8 of its levels.

You collected 455 gold pieces.
You spent 235 gold pieces at shops.

Inventory:

Hand Weapons
 a - the +9 dagger "Yqoi" (weapon) {heavy, rElec Str+3}
   (You bought it in a shop on level 5 of the Dungeon)

   Str+3:     It affects your strength (+3).
   rElec:     It insulates you from electricity.
 E - a +0 dagger
Armour
 c - a +0 robe (worn)
 d - a +0 pair of gloves (worn)
 m - a +2 cloak (worn)
 z - a +0 buckler (worn)
 H - the +1 scale mail of the Demon Prince {rF++ Str+2}
   (You found it on level 8 of the Dungeon)

   Str+2:     It affects your strength (+2).
   rF++:      It greatly protects you from fire.
Magical Staves
 b - a staff of cold
 p - a staff of fire
Jewellery
 k - an amulet of faith (around neck)
 t - an amulet of guardian spirit
 G - an amulet of regeneration
Wands
 F - a wand of iceblast (10)
Scrolls
 e - a scroll of vulnerability
 g - 2 scrolls of blinking
 j - 3 scrolls of teleportation
 u - a scroll of torment
 v - a scroll of butterflies {unknown}
 w - a scroll of noise
 x - a scroll of immolation {unknown}
 y - a scroll of fog {unknown}
 A - a scroll of enchant armour {unknown}
 B - 3 scrolls of poison
 C - a scroll of silence
 D - a scroll of fear
Potions
 f - 2 potions of attraction
 h - a potion of cancellation {unknown}
 i - a potion of degeneration {unknown}
 l - 2 potions of mutation
 n - a potion of enlightenment {unknown}
 o - 3 potions of invisibility
 q - a potion of ambrosia
 r - 2 potions of heal wounds
 s - 4 potions of curing


   Skills:
 + Level 3.9 Fighting
 * Level 4.4 Short Blades
 - Level 3.2 Staves
 - Level 1.0 Armour
 + Level 6.1 Dodging
 * Level 8.1 Stealth
 + Level 2.5 Shields
 + Level 10.1 Spellcasting
 - Level 3.3 Ice Magic
 - Level 3.2 Alchemy
 - Level 3.6 Evocations


You had 20 spell levels left.
You knew the following spells:

 Your Spells              Type           Power      Damage    Failure   Level
a - Freeze                Ice            100%       1d10      4%          1
b - Summon Small Mammal   Summ           52%        N/A       13%         1
c - Sting                 Conj/Alch      88%        1d8       8%          1
d - Cigotuvi's Dreadful   Necr/Alch/Air  38%        N/A       13%         2
e - Mephitic Cloud        Conj/Alch/Air  19%        N/A       24%         3

Your spell library contained the following spells:

 Spells                   Type           Power      Damage    Failure   Level
 Mercury Vapours          Alch/Air       44%        N/A       11%         2
 Apportation              Tloc           26%        N/A       13%         1
 Necrotise                Necr           52%        1d6       13%         1
 Dazzling Flash           Conj/Hex       26%        N/A       34%         3
 Maxwell's Portable Pile  Tloc           13%        2d(6-17)  34%         3
 Tukima's Dance           Hex            13%        N/A       34%         3
 Dimensional Bullseye     Hex/Tloc       6%         N/A       73%         4
 Iskenderun's Mystic Bla Conj/Tloc 13%            2d5        (+2d2     73%         4
 Silence                  Hex/Air        6%         N/A       96%         5


Dungeon Overview and Level Annotations

Branches:
Dungeon (8/15)             Temple (0/1) D:4
   Lair: D:8-11

Altars:
Ashenzari
Cheibriados
Makhleb
Qazlal
Trog
Vehumet
Xom
Yredelemnul
Zin

Shops:
D:5 [:((*

Annotations:
D:3 1 runed translucent door, Crazy Yiuf
D:8 Gastronok


Innate Abilities, Weirdness & Mutations

Your spells are a little harder to cast, but a little more powerful.


Message History

The orc priest is severely wounded.
The bullfrog barely misses your hornet zombie.
Your hornet zombie barely misses the bullfrog.
Your centaur zombie hits the orc priest but does no damage.
Your centaur zombie kicks the orc priest but does no damage.
The orc priest is engulfed in noxious fumes.
The orc priest appears confused.
The orc priest closely misses you.
The orc wizard is engulfed in noxious fumes.
The orc wizard appears confused.
The orc wizard hits your centaur zombie with a +0 dagger.
The bullfrog hits your hornet zombie.
Your hornet zombie closely misses the bullfrog.
The wyvern bites you.
Gastronok the Ponderous comes into view.
As you read the scroll of teleportation, it crumbles to dust.
You feel strangely unstable.
The bullfrog closely misses your hornet zombie.
The wight closely misses you.
The orc priest is engulfed in noxious fumes.
The orc priest appears confused.
The orc wizard is engulfed in noxious fumes.
The orc wizard appears confused.
The orc priest barely misses the orc.
The wyvern bites you but does no damage.
Your hornet zombie hits the bullfrog!
The bullfrog hits your hornet zombie.
You puncture the orc priest!
You kill the orc priest!
Their soul becomes fuel for the torch.
The dead are walking!
The wyvern closely misses you.
Your hornet zombie closely misses the bullfrog.
The wight closely misses you.
The orc priest hits you with a +2 short sword of venom.
You are poisoned.
The bullfrog barely misses your hornet zombie.
The wyvern bites you.
Your hornet zombie closely misses the bullfrog.
Gastronok waves his eye-stalks in wide circles.
The air twists around and strikes you!
You die...
Gastronok gurgles, "About time.
I'm starving!"
Your body rises from the dead as a mindless zombie.

#.....# ..#..#
..w....#..##.#
.?.⌠....#.#..#
.#
⌠.....⌠..##..#
..
.........'...#
#
⌠.....c..##.##
...⌠..o.#S#.#
......F#zk###
#.../.#Z°@#
F#####Zooo#
....○§.##
.....Z##
).!.?## #####


You could see Gastronok, a water moccasin, a wyvern, a bullfrog (ally target), a
centaur, a wight, an orc priest (confused, ally target), 2 orc wizards, an orc
(ally target), a friendly hornet zombie, a friendly orc priest zombie and a
friendly centaur zombie.

Vanquished Creatures
  A hornet (D:8)
  Sigmund (D:4)
  2 yaks (D:6)
  A water moccasin (D:5)
  An ice beast (D:7)
  4 black bears
  An ogre (D:5)
  2 centaurs
  A phantom (D:4)
  A bullfrog (D:7)
  3 scorpions
  A wight (D:6)
  3 killer bees (D:6)
  A howler monkey (D:8)
  3 bombardier beetles
  A hound (D:5)
  An orc priest (D:8)
  An iguana (D:5)
  3 orc wizards
  3 adders
  3 gnolls
  A shadow imp (D:6)
  A white imp (D:7)
  2 ufetubi (D:6)
  2 dart slugs
  2 ribbon worms
  18 orcs
  4 ball pythons
  4 bats
  7 endoplasms
  3 giant cockroaches
  2 hobgoblins (D:1)
  10 jackals
  7 kobolds
  2 quokkas
  3 frilled lizards
  5 goblins
  5 rats
116 creatures vanquished.

Vanquished Creatures (collateral kills)
  A yak (D:6)
  A wyvern (D:6)
  A water moccasin (D:8)
  2 ice beasts
  A sky beast (D:7)
  2 centaurs
  A phantom (D:5)
  A bullfrog (D:7)
  A scorpion (D:5)
  A hound (D:4)
  A jelly (D:6)
  A sleepcap (D:8)
  3 orc wizards
  A hound zombie (D:4)
  4 adders
  3 gnolls
  A white imp (D:6)
  A dart slug (D:2)
  A ribbon worm (D:2)
  9 orcs
  A giant cockroach (D:2)
  A goblin (D:2)
  3 bats (D:2)
  A frilled lizard (D:2)
  A rat (D:2)
  A butterfly (D:6)
45 creatures vanquished.

Vanquished Creatures (others)
  An arcanist (D:5)
  A wyvern zombie (D:6)
  A water moccasin zombie (D:8)
  A black bear zombie (D:6)
  A scorpion zombie (D:6)
  A killer bee zombie (D:6)
  An ice beast zombie (D:5)
  A howler monkey zombie (D:8)
  An adder zombie (D:6)
  A spectral white imp (D:6)
  2 bat zombies
  A ball python zombie (D:3)
  2 endoplasm zombies
  A frilled lizard zombie (D:3)
  2 gnoll zombies
  4 goblin zombies
  2 jackal zombies
  13 orc zombies
  A quokka zombie (D:3)
  2 spectral ufetubi (D:6)
40 creatures vanquished.

Grand Total: 201 creatures vanquished

Notes
Turn   | Place    | Note
-------+----------+-------------------------------------------
     0 | D:1      | KennySheep the Deep Elf Wanderer began the quest for the
                  | Orb.
     0 | D:1      | KennySheep set off with the following items: a +0 dagger, a
                  | scroll of teleportation, a +0 robe, a +0 pair of gloves;
                  | and the following spells available to memorise: Mercury
                  | Vapours, Apportation, Freeze, Summon Small Mammal,
                  | Cigotuvi's Dreadful Rot, Maxwell's Portable Piledriver.
     0 | D:1      | Reached XP level 1. HP: 10/10 MP: 9/9
    45 | D:1      | Learned a level 1 spell: Freeze
    47 | D:1      | Learned a level 1 spell: Summon Small Mammal
   146 | D:1      | Reached skill level 6 in Spellcasting
   165 | D:1      | Learned a level 1 spell: Sting
   220 | D:1      | Reached skill level 1 in Dodging
   220 | D:1      | Reached XP level 2. HP: 15/15 MP: 8/11
   305 | D:1      | Learned a level 2 spell: Cigotuvi's Dreadful Rot
   834 | D:1      | Reached XP level 3. HP: 18/19 MP: 1/12
  1041 | D:1      | Found a faded altar of an unknown god.
  1045 | D:1      | Prayed at the altar of an unknown god.
  1045 | D:1      | Became a worshipper of Yredelemnul the Fallen
  1045 | D:1      | Reached * piety under Yredelemnul
  1270 | D:2      | Reached XP level 4. HP: 21/24 MP: 14/14
  1483 | D:2      | Reached skill level 1 in Evocations
  1528 | D:2      | Reached ** piety under Yredelemnul
  2097 | D:3      | Found a broken altar of Ashenzari.
  2406 | D:3      | Reached skill level 1 in Staves
  2535 | D:3      | Reached skill level 1 in Ice Magic
  2535 | D:3      | Reached XP level 5. HP: 28/28 MP: 12/16
  2786 | D:3      | Found a runed translucent door.
  2787 | D:3      | Noticed Crazy Yiuf
  2858 | D:3      | Reached skill level 7 in Spellcasting
  3050 | D:4      | Reached *** piety under Yredelemnul
  3055 | D:4      | Reached skill level 1 in Fighting
  3316 | D:4      | Reached XP level 6. HP: 34/34 MP: 13/18
  3474 | D:4      | Noticed Sigmund
  3483 | D:4      | Killed Sigmund
  3543 | D:4      | Found a staircase to the Ecumenical Temple.
  3552 | D:4      | Reached XP level 7. HP: 35/38 MP: 16/20
  3795 | D:4      | Found a radiant altar of Vehumet.
  3919 | D:4      | Reached skill level 8 in Spellcasting
  4063 | D:5      | Entered Level 5 of the Dungeon
  4087 | D:5      | Found Ywioty's Antique Weapon Emporium.
  4099 | D:5      | Reached **** piety under Yredelemnul
  4107 | D:5      | Reached XP level 8. HP: 34/44 MP: 11/22
  4372 | D:5      | Found a burning altar of Makhleb.
  4395 | D:5      | Reached skill level 9 in Spellcasting
  4426 | D:5      | Found Sohuraas's Armour Emporium.
  4437 | D:5      | Bought a +0 buckler for 67 gold pieces
  4520 | D:5      | Found a bloodstained altar of Trog.
  4521 | D:5      | Noticed a wizard
  4526 | D:5      | Killed a wizard
  4687 | D:5      | Found a stormy altar of Qazlal.
  4784 | D:5      | Reached skill level 5 in Stealth
  4920 | D:5      | Found Fudemet's General Store.
  5041 | D:5      | Found Zeiroor's Book Shop.
  5201 | D:5      | Found Qiedeixo's Antique Weapon Shop.
  5204 | D:5      | Bought a fading dagger for 168 gold pieces
  5204 | D:5      | Identified the +9 dagger "Yqoi" {heavy, rElec Str+3} (You
                  | bought it in a shop on level 5 of the Dungeon)
  5274 | D:6      | Reached skill level 1 in Short Blades
  5274 | D:6      | Reached skill level 1 in Shields
  5374 | D:6      | Found a shimmering altar of Xom.
  5414 | D:6      | Reached skill level 5 in Dodging
  5422 | D:6      | Reached XP level 9. HP: 43/50 MP: 11/24
  5809 | D:6      | Gained mutation: You are clumsy. (Dex -2) [potion of
                  | mutation]
  5809 | D:6      | Lost mutation: You are clumsy. (Dex -2) [potion of
                  | mutation]
  5809 | D:6      | Gained mutation: Your spells are a little harder to cast,
                  | but a little more powerful. [potion of mutation]
  5820 | D:6      | Learned a level 3 spell: Mephitic Cloud
  6736 | D:7      | Reached skill level 10 in Spellcasting
  7254 | D:8      | Found a snail-covered altar of Cheibriados.
  7254 | D:8      | Found a glowing silver altar of Zin.
  7284 | D:8      | Identified the +1 scale mail of the Demon Prince {rF++
                  | Str+2}
  7372 | D:8      | Noticed Gastronok
  7374 | D:8      | Killed from afar by Gastronok

Illustrated notes

Levels and vault maps discovered:
D:1:      psy_arrival_spokes, layout_basic,
          hellmonk_ecumenical_altar_heavens_door
D:2:      layout_basic, minmay_misc_feat_cross, st_stairs_5,
          chequers_serial_rivers_room_b, corexii_shack, nicolae_the_louvre
D:3:      layout_loops_corners, nicolae_ashenzari_skybound,
          minmay_misc_feat_enclosed, uniq_crazy_yiuf_cottage
D:4:      layout_loops_ring, mainiacjoe_overflow_tiny_flanked,
          minmay_temple_entry_wispy, uniq_sigmund
D:5:      layout_loops_ring, lemuel_coloured_pillars_altar,
          nicolae_qazlal_scattered_showers, trog_wizard, serial_shops,
          kennysheep_mini, nicolae_shop_window_shopping, nicolae_shop_peninsula,
          nicolae_take_the_stairs, nicolae_diamond_shop
D:6:      layout_loops_cross, xom_butterflies, minivault_25
D:7:      layout_basic, nicolae_tricolors
D:8:      kennysheep_ambush_hall, layout_basic, grunt_temple_overflow_open,
          uniq_gastronok

Skill      XL: |  1  2  3  4  5  6  7  8  9 |
---------------+----------------------------+-----
Spellcasting   | 6 7 8 9 10 | 10.1
Dodging        | 1 2 3 4 5 6 |  6.1
Stealth        | 2 3 4 6 8 |  8.1
Evocations     | 1 2 3 |  3.6
Staves         | 1 2 3 |  3.2
Ice Magic      | 1 2 3 |  3.3
Fighting       | 1 2 3 |  3.9
Short Blades   | 2 4 |  4.4
Shields        | 1 2 |  2.5
Armour         | |  1.0
Alchemy        | |  3.2

Action                     |  1- 3 |  4- 6 |  7- 9 || total
---------------------------+-------+-------+-------++-------
  Melee: Dagger            |    10 |       |    58 ||    68
         Staff             |    34 |    54 |    39 ||   127
  Throw: Throwing net      |       |       |     1 ||     1
   Cast: Freeze            |     8 |    81 |   103 ||   192
         Sting             |    43 |       |       ||    43
         Mephitic Cloud    |       |       |     1 ||     1
 Invoke: Light the Black T |     2 |     2 |     4 ||     8
    Use: Scroll            |       |     3 |     5 ||     8
         Potion            |       |       |     6 ||     6
   Stab: Distracted        |       |     2 |     1 ||     3
         Sleeping          |       |     2 |     7 ||     9
         Confused          |       |       |     2 ||     2
 Armour: Robe              |    27 |    78 |   126 ||   231
  Dodge: Dodged            |    50 |   104 |   119 ||   273
  Block: Buckler           |       |       |    26 ||    26

Table legend: (Time is in decaauts)
 A = Elapsed time spent in this place.
 B = Non-inter-level travel time spent in this place.
 C = Inter-level travel time spent in this place.
 D = Time resting spent in this place.
 E = Time spent auto-exploring this place.
 F = Levels seen in this place.
 G = Mean time per level.
                   A        B        C        D        E       F      G
               +--------+--------+--------+--------+--------+-----+--------+
         Total |   7407 |   7244 |    163 |    613 |   5259 |   8 |  925.9 |
       Dungeon |   7407 |   7244 |    163 |    613 |   5259 |   8 |  925.9 |
               +--------+--------+--------+--------+--------+-----+--------+

Top non-repeatable levels by time:
     D:5: 1161 daAuts
     D:3: 1124 daAuts
     D:1: 1106 daAuts
     D:4: 1035 daAuts
     D:6: 990 daAuts
     D:7: 899 daAuts
     D:2: 813 daAuts
     D:8: 276 daAuts
